 Dungeon Crawl Stone Soup version 0.29-a0-284-gf9362112df (webtiles) character file.

Game seed: 17074287652487142171

61 spaghetti the Sneak (level 3, 21/33 HPs)
             Began as a Deep Dwarf Delver on Mar 20, 2022.
             Was an Initiate of Kikubaaqudgha.
             Quit the game on level 3 of the Dungeon.
             The game lasted 00:01:47 (269 turns).

spaghetti the Sneak (Deep Dwarf Delver)              Turns: 269, Time: 00:01:47

Health: 21/33      AC:  3    Str: 15    XL:     3   Next: 83%
Magic:  2/2        EV:  9    Int: 12    God:    Kikubaaqudgha [......]
Gold:   7          SH:  0    Dex: 14    Spells: 2/2 levels left

rFire   . . .      SeeInvis .   a - +0 short sword {short}
rCold   . . .      Faith    .   (no shield)
rNeg    . . .      Spirit   .   b - +0 leather armour
rPois   .          Reflect  .   (no helmet)
rElec   .          Harm     .   (no cloak)
rCorr   .          Rampage  .   (no gloves)
Will    .....                   (no boots)
Stlth   +++.......              (no amulet)
HPRegen 0.00/turn               (no ring)
MPRegen 0.08/turn               (no ring)

@: constricted
A: damage resistance, heal wounds, sense surroundings 1, no regeneration
a: Heal Wounds, Renounce Religion


You were on level 3 of the Dungeon.
You worshipped Kikubaaqudgha.
Kikubaaqudgha was noncommittal.
You visited 1 branch of the dungeon, and saw 3 of its levels.

You collected 7 gold pieces.


Innate Abilities, Weirdness & Mutations

You are resistant to damage.
You can heal yourself by infusing magical energy.
You passively map a small area around you.
You do not regenerate.


   Skills:
 - Level 2.8 Fighting
 - Level 3.0 Short Blades
 - Level 2.4 Dodging
 - Level 6.1 Stealth
 + Level 1.8 Necromancy


You had 2 spell levels left.
You didn't know any spells.
Your spell library was empty.

Inventory:

Hand Weapons
 a - a +0 short sword (weapon) {short}
Missiles
 d - 41 stones {throwing}
Armour
 b - a +0 leather armour (worn)
Magical Staves
 h - a staff of fire {!astaff}
   (You found it on level 4 of the Dungeon)
Wands
 g - a wand of digging (3)
Scrolls
 c - a scroll of fog
 e - a scroll of fear
Potions
 f - a potion of haste {@q3}

Dungeon Overview and Level Annotations

Branches:
Dungeon (5/15)
 Temple: D:4-7

Altars:
Kikubaaqudgha

Annotations:
D:3 Ijyb

*
####.#..........#
,, *
#.#..).......#*
,* #)#..........#
, , *
#.#..........# ,
, , , *
#.#..........# ,
, , , ,
#.#..........#*
#.#.......... ,
#.#Sg...# , , ,
*#..@....+ * , ,
..............# ,
.........######
,.........# * ,
.........# , ,
.........# , , ,
, * .........#, ,
, .........# , *
, *


You could see Ijyb and a ball python.


Message History

You closely miss the adder. Your punch misses the adder.
The adder bites you but does no damage.
You hit the adder.
You kill the adder!
Kikubaaqudgha accepts your kill.
You hit the hobgoblin.
The hobgoblin hits you but does no damage.
You hit the hobgoblin.
You kill the hobgoblin!
Kikubaaqudgha accepts your kill.
You barely miss the hobgoblin. The hobgoblin barely misses you.
You hit the hobgoblin.
You kill the hobgoblin!
Kikubaaqudgha accepts your kill.
You see here an adder corpse.
There is an open door here.
You now have 7 gold pieces.
Things that are here:
a +0 robe; a +0 scale mail of fire resistance
i - a lumpy coppery potion
d - 40 stones {throwing} (gained 26)
A kobold comes into view. It is wielding a +0 short sword.
The helpless kobold fails to defend itself.
You puncture the kobold!
You kill the kobold!
Kikubaaqudgha accepts your kill.
d - 41 stones {throwing} (gained 1)
Things that are here:
a +0 short sword {short}; a kobold corpse Ijyb the Twisted Goblin comes into view.
She is wielding a +0 club and carrying a wand of flame (26).
The helpless Ijyb fails to defend herself.
You puncture Ijyb! Ijyb hits you with a +0 club. 😮 HP[-4]
You take 4 damage, and now have 24/33 hp.
You barely miss Ijyb.
Ijyb drinks a potion.
Ijyb is healed!
You barely miss Ijyb. Ijyb hits you with a +0 club. 😮 HP[-3]
You take 3 damage, and now have 21/33 hp.
You hit Ijyb but do no damage. You closely miss Ijyb.
Ijyb hits you but does no damage.
You barely miss Ijyb. Ijyb misses you.
You hit Ijyb. You punch Ijyb. Ijyb hits you with a +0 club. 😮 HP[-3]
You take 3 damage, and now have 18/33 hp.
You hit Ijyb.
Ijyb zaps a wand.
The puff of flame misses you.
You closely miss Ijyb. Ijyb misses you.
You hit Ijyb but do no damage. Ijyb hits you but does no damage.
You closely miss Ijyb. Ijyb hits you with a +0 club.
* * * LOW HITPOINT WARNING * * *
😨 HP[-2]
You take 2 damage, and now have 16/33 hp.
You hit Ijyb. Ijyb hits you but does no damage.
You barely miss Ijyb.
Ijyb zaps a wand.
The puff of flame hits you!
* * * LOW HITPOINT WARNING * * *
😨 HP[-5]
You take 5 damage, and now have 11/33 hp.
You hit Ijyb but do no damage.
A ball python comes into view.
Ijyb zaps a wand.
The puff of flame hits you.
* * * LOW HITPOINT WARNING * * *
😱 HP[-4]
You take 4 damage, and now have 7/33 hp.
You closely miss Ijyb.
The ball python hisses angrily.
Ijyb hits you with a +0 club.
It was a potion of magic.
Magic courses through your body. Ijyb closely misses you.
Your magical essence is drained by the effort!
You feel much better.
Ijyb hits you with a +0 club. 😕 HP[+20] MP[-1]
You regained 20 hp, and now have 27/33 hp.
Unknown command.
You miss Ijyb. Ijyb hits you with a +0 club. 😕 HP[-1]
You take 1 damage, and now have 26/33 hp.
You barely miss Ijyb. Ijyb hits you with a +0 club. 😮 HP[-2]
You take 2 damage, and now have 24/33 hp.
You hit Ijyb but do no damage.
The ball python bites you but does no damage.
The ball python grabs you. The ball python constricts you.
Ijyb hits you with a +0 club.
You closely miss Ijyb. The ball python barely misses you.
The ball python constricts you. Ijyb hits you with a +0 club. 😮 HP[-1]
You take 1 damage, and now have 23/33 hp.
You hit Ijyb but do no damage. The ball python barely misses you.
The ball python constricts you.
Ijyb zaps a wand.
The puff of flame hits you. 😮 HP[-2]
You take 2 damage, and now have 21/33 hp.
Are you sure you want to abandon this character and quit the game? (Confirm with "yes".)

Skill      XL: |  1  2  3 |
---------------+----------+-----
Short Blades   | 2 3 |  3.0
Necromancy     | 1 |  1.8
Fighting       | |  2.8
Dodging        | |  2.4
Stealth        | |  6.1

Action                   || total
-------------------------++-------
Melee: Short sword       ||    92
       Punch             ||     1
 Abil: Heal Wounds       ||     2
  Use: Scroll            ||     1
       Potion            ||     1
 Stab: Sleeping          ||     3
Armor: Leather armour    ||    21
Dodge: Dodged            ||    44

Levels and vault maps discovered:
D:3:      layout_basic, dreamdust_ecumenical_altar_drowned_temple, uniq_ijyb
D:4:      layout_basic, beargit_hepliaklqana_dungeon_heroes,
          uniq_crazy_yiuf_cottage, uniq_grinder
D:5:      layout_cave_pools, lemuel_mausoleum_altar_kikubaaqudgha,
          mainiacjoe_overflow_alcove_4, bh_walls_and_bars

Notes
Turn   | Place    | Note
-------+----------+-------------------------------------------
     0 | D:5      | spaghetti the Deep Dwarf Delver began the quest for the
                  | Orb.
     0 | D:5      | Reached XP level 1. HP: 20/20 MP: 1/1
     0 | D:5      | magus.rc [v1.9.6]
    22 | D:5      | Reached skill level 2 in Short Blades
    22 | D:5      | Reached XP level 2. HP: 25/27 MP: 2/2
    32 | D:5      | Found an ancient bone altar of Kikubaaqudgha.
    54 | D:5      | HP: 5/27 [human zombie (3)]
    59 | D:5      | Reached skill level 3 in Short Blades
    59 | D:5      | Reached XP level 3. HP: 6/33 MP: 3/3
    60 | D:5      | Became a worshipper of Kikubaaqudgha
   187 | D:3      | Reached skill level 1 in Necromancy
   244 | D:3      | Noticed Ijyb
   260 | D:3      | HP: 7/33 [Ijyb/puff of flame (4)]
   269 | D:3      | Quit the game

Vanquished Creatures
  A human zombie (D:5)
  3 adders
  A giant cockroach (D:3)
  2 hobgoblins (D:3)
  A kobold (D:3)
8 creatures vanquished.

Table legend:
 A = Non-vault XP
 B = Vault XP
 C = Vault XP percentage of total XP
 D = Non-vault monster count
 E = Vault monster count
 F = Vault count percentage of total count
                 A         B        C        D         E       F
            +---------+---------+-------+---------+---------+-------
      Total |      47 |      41 |  46.6 |       7 |       1 |  12.5
            +---------+---------+-------+---------+---------+-------
        D:3 |      34 |       0 |   0.0 |       6 |       0 |   0.0
        D:5 |      13 |      41 |  75.9 |       1 |       1 |  50.0
            +---------+---------+-------+---------+---------+-------

Illustrated notes

Table legend:
 A = Kills in this place as a percentage of kills in entire the game.
 B = Kills by you in this place as a percentage of kills by you in the entire game.
 C = Kills by friends in this place as a percentage of kills by friends in the entire game.
 D = Other kills in this place as a percentage of other kills in the entire game.
 E = Experience gained in this place as a percentage of experience gained in the entire game.
 F = Experience gained in this place divided by the number of levels of this place that you have seen.
                   A       B       C       D       E      F
               +-------+-------+-------+-------+-------+----------------------
         Total | 100.0 | 100.0 |   N/A |   N/A | 100.0 |  29.3
       Dungeon | 100.0 | 100.0 |   N/A |   N/A | 100.0 |  29.3
               +-------+-------+-------+-------+-------+----------------------

Table legend: (Time is in decaauts)
 A = Elapsed time spent in this place.
 B = Non-inter-level travel time spent in this place.
 C = Inter-level travel time spent in this place.
 D = Time resting spent in this place.
 E = Time spent auto-exploring this place.
 F = Levels seen in this place.
 G = Mean time per level.
                   A        B        C        D        E       F      G
               +--------+--------+--------+--------+--------+-----+--------+
         Total |    265 |    230 |     35 |      0 |     88 |   3 |   88.3 |
       Dungeon |    265 |    230 |     35 |      0 |     88 |   3 |   88.3 |
               +--------+--------+--------+--------+--------+-----+--------+

Top non-repeatable levels by time:
     D:3: 103 daAuts
     D:5: 96 daAuts
     D:4: 66 daAuts
